 Dungeon Crawl Stone Soup version 0.31-a0-889-g1a8549509d (webtiles) character file.

Game seed: 8376793684046854967

67 gelatine the Stinger (level 4, -5/27 HPs)
             Began as an Octopode Venom Mage on Oct 17, 2023.
             Slain by an ogre
             ... wielding a +0 giant spiked club
              (32 damage)
             ... on level 4 of the Dungeon.
             The game lasted 00:09:09 (2737 turns).

gelatine the Stinger (Octopode Venom Mage)          Turns: 2737, Time: 00:09:09

Health: -5/27      AC:  1    Str:  7    XL:     4   Next: 18%
Magic:  8/8        EV: 18    Int: 19    God:
Gold:   202        SH:  0    Dex: 12    Spells: 7/8 levels left

rFire   . . .        o - +0 dagger
rCold   . . .        (no shield)
rNeg    . . .        (helmet restricted)
rPois   .            (no amulet)
rElec   .            g - ring of wizardry
rCorr   .            v - +5 ring of evasion
SInv    .            (no ring)
Will    .....        (no ring)
Stlth   +++          (no ring)
HPRegen 0.24/turn    (no ring)
MPRegen 0.11/turn    (no ring)
                     (no ring)

%: wizardry (x1)
@: no status effects
A: almost no armour, amphibious, 8 rings, camouflage 1, gelatinous body 1,
(nimble swimmer 1), tentacles
a: no special abilities


You were on level 4 of the Dungeon.
You visited 1 branch of the dungeon, and saw 4 of its levels.

You collected 202 gold pieces.

Inventory:

Hand Weapons
 h - a +0 short sword
 l - a +0 whip of flaming
 o - a +0 dagger (weapon)
Armour
 b - an orb of light
Magical Staves
 t - a staff of earth
Jewellery
 g - a ring of wizardry (left tentacle)
 p - an amulet of faith
 v - a +5 ring of evasion (right tentacle)
Talismans
 n - a flux talisman
Scrolls
 c - 2 scrolls of teleportation {unknown}
 d - a scroll of summoning {unknown}
 e - 4 scrolls of identify {unknown}
 f - a scroll of blinking {unknown}
 i - a scroll of immolation {unknown}
 j - 2 scrolls of revelation {unknown}
 r - 2 scrolls of noise {unknown}
Potions
 a - a potion of magic
 k - a potion of mutation {unknown}
 m - a potion of heal wounds {unknown}
 q - 2 potions of curing {unknown}
 s - a potion of enlightenment {unknown}
 u - a potion of attraction {unknown}


   Skills:
 * Level 0.8 Fighting
 * Level 2.2 Dodging
 * Level 3.0 Stealth
 + Level 1.0 Unarmed Combat
 * Level 2.7 Spellcasting
 * Level 1.6 Transmutations
 * Level 4.2 Poison Magic


You had 7 spell levels left.
You knew the following spells:

 Your Spells              Type           Power      Damage    Failure   Level
a - Sting                 Tmut/Pois      52%        1d5       1%          1

Your spell library contained the following spells:

 Spells                   Type           Power      Damage    Failure   Level
 Poisonous Vapours        Pois/Air       20%        N/A       4%          2
 Magic Dart               Conj           8%         1d3       6%          1
 Slow                     Hex            8%         N/A       6%          1
 Summon Small Mammal      Summ           8%         N/A       6%          1
 Call Imp                 Summ           4%         N/A       10%         2
 Mephitic Cloud           Conj/Pois/Air  7%         N/A       11%         3
 Olgreb's Toxic Radiance  Pois           18%        N/A       11%         4
 Call Canine Familiar     Summ           2%         N/A       19%         3
 Confusing Touch          Hex            2%         N/A       19%         3
 Sigil of Binding         Hex            2%         N/A       19%         3
 Summon Guardian Golem    Hex/Summ       2%         N/A       19%         3
 Vampiric Draining        Necr           2%         2d6       19%         3


Dungeon Overview and Level Annotations

Branches:
Dungeon (4/15)
 Temple: D:4-7

Altars:
Okawaru

Annotations:
D:4 Pikel


Innate Abilities, Weirdness & Mutations

You cannot wear most types of armour.
You are amphibious.
You can wear up to eight rings at the same time.
Your skin changes colour to match your surroundings (Stealth+).
Your rubbery body absorbs attacks. (AC +1, EV +1)
((You are camouflaged when in or above water. (Stealth+)))
You have tentacles for arms and can constrict up to eight enemies at once.


Message History

There is a stone staircase leading up here.
You climb upwards.
There is a stone staircase leading down here.
There is a stone staircase leading down here.
You climb downwards.
Level annotation: Pikel
Found an onyx ring.
There is a stone staircase leading up here.
Found 12 gold pieces.
Found a stone staircase leading down.
v - a +5 ring of evasion
v - a +5 ring of evasion (right tentacle)
There is a stone staircase leading down here.
Found a ring mail.
You now have 202 gold pieces (gained 12).
Found 11 gold pieces.
An ogre comes into view. It is wielding a +0 giant spiked club.
You see here a +0 ring mail.
You see here a scroll labelled ODEELI OTEJIPISS.
The helpless ogre fails to defend itself.
You puncture the ogre!
The ogre is moderately wounded.
The ogre completely misses you.
You hit the ogre.
The ogre is heavily wounded.
You hit the ogre.
The ogre is heavily wounded.
The ogre closely misses you.
You hit the ogre.
The ogre is severely wounded.
The ogre closely misses you.
You hit the ogre but do no damage. You squeeze the ogre!
The ogre is almost dead.
You hit the ogre. Your squeeze misses the ogre.
The ogre is almost dead.
The ogre completely misses you.
You hit the ogre.
The ogre is almost dead.
The ogre hits you with a +0 giant spiked club!!
Ouch! That really hurt!
You die...

#............
#............
##.......$....
..#...........# .##.
.......... .....
.......###
.....#####.....########.
!..........[?...@O......
...##.#.##..######......
#...###.###....#####
##.>.###....# .
###.#.....###
..##...........#
.....#.........#
...............#
..####.<.......#


You could see an ogre.

Vanquished Creatures
  4 adders (D:2)
  A worm (D:2)
  A dart slug (D:2)
  2 endoplasms
  2 giant cockroaches (D:2)
  2 goblins (D:2)
  3 hobgoblins
  3 ball pythons
  4 bats
  A frilled lizard (D:2)
  4 kobolds
27 creatures vanquished.

Notes
Turn   | Place    | Note
-------+----------+-------------------------------------------
     0 | D:1      | gelatine the Octopode Venom Mage began the quest for the
                  | Orb.
     0 | D:1      | Reached XP level 1. HP: 11/11 MP: 3/3
   947 | D:2      | Reached skill level 4 in Poison Magic
   947 | D:2      | Reached XP level 2. HP: 12/18 MP: 0/5
  1123 | D:2      | Reached XP level 3. HP: 22/22 MP: 0/6
  1185 | D:2      | Found an iron altar of Okawaru.
  1652 | D:2      | Reached skill level 1 in Unarmed Combat
  1652 | D:2      | Reached XP level 4. HP: 27/27 MP: 0/7
  2665 | D:4      | Noticed Pikel
  2666 | D:4      | Noticed a lemure
  2667 | D:4      | Noticed a lemure
  2667 | D:4      | Noticed an ogre
  2670 | D:4      | Noticed a lemure
  2724 | D:4      | Noticed an ogre
  2737 | D:4      | Slain by an ogre

Illustrated notes

Levels and vault maps discovered:
D:1:      dpeg_arrival_short_road, layout_loops_corners
D:2:      minmay_spotlight, layout_loops_ring, basic_altar
D:3:      layout_basic
D:4:      layout_rooms, serial_shops, shop_statue, uniq_pikel

Skill      XL: |  1  2  3 |
---------------+----------+-----
Poison Magic   | 4 |  4.2
Stealth        | 3 |  3.0
Unarmed Combat | 1 |  1.0
Fighting       | |  0.8
Dodging        | |  2.2
Spellcasting   | |  2.7
Transmutations | |  1.6

Action                     |  1- 3 |  4- 6 || total
---------------------------+-------+-------++-------
  Melee: Short sword       |    12 |     2 ||    14
         Constrict         |     4 |     4 ||     8
         Tentacles         |     3 |     4 ||     7
         Unarmed           |     2 |       ||     2
         Punch             |     1 |       ||     1
         Dagger            |       |    17 ||    17
   Cast: Sting             |    34 |     3 ||    37
   Stab: Sleeping          |       |     2 ||     2
 Armour: Skin              |     6 |     4 ||    10
  Dodge: Dodged            |    17 |    10 ||    27

Table legend: (Time is in decaauts)
 A = Elapsed time spent in this place.
 B = Non-inter-level travel time spent in this place.
 C = Inter-level travel time spent in this place.
 D = Time resting spent in this place.
 E = Time spent auto-exploring this place.
 F = Levels seen in this place.
 G = Mean time per level.
                   A        B        C        D        E       F      G
               +--------+--------+--------+--------+--------+-----+--------+
         Total |   2735 |   2555 |    180 |      0 |   2152 |   4 |  683.8 |
       Dungeon |   2735 |   2555 |    180 |      0 |   2152 |   4 |  683.8 |
               +--------+--------+--------+--------+--------+-----+--------+

Top non-repeatable levels by time:
     D:2: 955 daAuts
     D:1: 947 daAuts
     D:3: 783 daAuts
     D:4: 49 daAuts
